 Dungeon Crawl Stone Soup version 0.20-a0-809-gaf7f668 (webtiles) character file.

1973 Laan the Cleaver (level 9, -8/63 HPs)
             Began as a Mummy Monk on Mar 3, 2017.
             Was a Believer of Okawaru.
             Mangled by a two-headed ogre
             ... wielding a +0 giant spiked club
              (16 damage)
             ... on level 8 of the Dungeon.
             The game lasted 00:12:36 (7089 turns).

Laan the Cleaver (Mummy Monk)                       Turns: 7089, Time: 00:12:37

Health: -8/63      AC: 11    Str: 15    XL:     9   Next: 0%
Magic:  7/9        EV: 10    Int: 12    God:    Okawaru [**....]
Gold:   304        SH:  0    Dex: 14    Spells: 8/8 levels left

rFire    x . .     SeeInvis .   p - +4 hand axe
rCold    + . .     Gourm    .   k - +0 chain mail
rNeg     + + +     Faith    .   (no shield)
rPois    ∞         Spirit   .   f - +0 helmet
rElec    .         Reflect  .   (no cloak)
rCorr    .         Harm     .   (no gloves)
MR       +....                  (no boots)
Stlth    ..........             i - amulet of regeneration
Regen    0.6/turn               (no ring)
MPRegen  0.2/turn               (no ring)

@: heroism
A: no food or potions, fire vulnerability, cold resistance 1, negative energy
resistance 3, torment resistance, unbreathing
a: Heroism, Renounce Religion


You were on level 8 of the Dungeon.
You worshipped Okawaru.
Okawaru was pleased with you.
You were not hungry.

You visited 2 branches of the dungeon, and saw 9 of its levels.
You also visited: Sewer.

You collected 437 gold pieces.
You spent 133 gold pieces at shops.

Inventory:

Hand Weapons
 g - a +0 hand axe
 p - a +4 hand axe (weapon)
 t - a +0 war axe
Armour
 f - a +0 helmet (worn)
 k - a +0 chain mail (worn)
Jewellery
 i - an amulet of regeneration (around neck)
 u - an uncursed ring of protection from fire {unknown}
Wands
 l - a wand of iceblast (0/15)
 o - a wand of random effects (0/48)
Scrolls
 a - 8 scrolls of identify
 b - 2 scrolls of immolation {unknown}
 c - 3 scrolls of teleportation
 d - 3 scrolls of fog
 e - a scroll of amnesia
 h - 3 scrolls of blinking
 j - 3 scrolls of remove curse
 m - a scroll of recharging {unknown}
 r - a scroll of magic mapping {unknown}
 s - a scroll of fear {unknown}
Books
 n - a book of Necromancy

   Spells                             Type                      Level
   a - Pain                           Necromancy                   1
   b - Animate Skeleton               Necromancy                   1
   c - Vampiric Draining              Necromancy                   3
   d - Regeneration                   Charms/Necromancy            3
   e - Animate Dead                   Necromancy                   4
   f - Control Undead                 Necromancy                   4
 q - a book of Minor Magic

   Spells                             Type                      Level
   a - Magic Dart                     Conjuration                  1
   b - Blink                          Translocation                2
   c - Call Imp                       Summoning                    2
   d - Slow                           Hexes                        2
   e - Conjure Flame                  Conjuration/Fire             3
   f - Mephitic Cloud                 Conjuration/Poison/Air       3


   Skills:
 - Level 3.0(8.0) Fighting
 + Level 10.1(15.1) Axes
 - Level 2.4(7.4) Dodging
 - Level 1.5(6.5) Stealth


You had 8 spell levels left.
You didn't know any spells.

Dungeon Overview and Level Annotations

Branches:
Dungeon (8/15)             Temple (1/1) D:5
   Lair: D:8-11

Altars:
Ashenzari
Cheibriados
Dithmenos
Kikubaaqudgha
Nemelex Xobeh
Okawaru
Ru
Sif Muna
Trog
Uskayaw
Vehumet
Wu Jian
Xom
Yredelemnul
Zin
The Shining One

Shops:
D:5 *   D:6 ?

Annotations:
D:7 Minion's ghost, novice TrMo


Innate Abilities, Weirdness & Mutations

You do not eat or drink.
Your flesh is vulnerable to fire.
You are immune to poison.
Your flesh is cold resistant. (rC+)
You are immune to negative energy. (rN+++)
You are immune to unholy pain and torment.
You can survive without breathing.


Message History

The two-headed ogre hits you with a giant spiked club.
* * * LOW HITPOINT WARNING * * *
You barely miss the two-headed ogre.
The two-headed ogre is heavily wounded.
You hit the two-headed ogre.
The two-headed ogre is severely wounded.
You slash the two-headed ogre!
The two-headed ogre is severely wounded.
The two-headed ogre barely misses you.
The two-headed ogre hits you with a giant spiked club.
* * * LOW HITPOINT WARNING * * *
The bullfrog swells and bulges.
The crimson imp disappears for a moment.
You hit the two-headed ogre.
The two-headed ogre is almost dead.
You hit the two-headed ogre.
The two-headed ogre is almost dead.
The two-headed ogre closely misses you.
The two-headed ogre hits you with a giant spiked club!
You die...

.. #.#.# ..5.
###.###.#.#######. ...
.................. # #..
..........#.######
#.##..########.###.....#
.....O. #.# #####.#
##..... #####.#######.##
......5###...............
..<..OFO@..###.##########
##.###.##### #.# #. #.#
#. #.# #. ... #. ##. .. .
#. #.#


You could see 2 two-headed ogres, a bullfrog and a crimson imp.

Vanquished Creatures
  Grinder (D:5)
  Sigmund (D:5)
  A wyvern (D:8)
  A sky beast (D:5)
  3 ice beasts
  An ogre (D:5)
  A centaur (D:5)
  A bullfrog (D:7)
  A scorpion (D:8)
  A bullfrog zombie (D:3)
  2 centaur zombies
  2 hounds (D:5)
  2 orc priests
  2 bullfrog skeletons
  5 iguanas
  2 worker ants
  A hound zombie (D:8)
  7 gnolls (D:6)
  A howler monkey skeleton (D:5)
  14 adders
  An ooze (D:2)
  3 adder skeletons
  5 worms
  3 dart slugs
  6 leopard geckos
  26 orcs
  4 bats
  6 giant cockroaches
  2 goblins (D:2)
  11 hobgoblins
  9 jackals
  A quokka (D:2)
  6 ball pythons
  8 frilled lizards
  17 kobolds
  2 quokka skeletons
  2 rats (D:2)
162 creatures vanquished.

Notes
Turn   | Place    | Note
-------+----------+-------------------------------------------
     0 | D:1      | Laan the Mummy Monk began the quest for the Orb.
     0 | D:1      | Reached XP level 1. HP: 18/18 MP: 1/1
   411 | D:1      | Reached XP level 2. HP: 5/24 MP: 2/2
   412 | D:1      | Reached skill level 3 in Axes
  1345 | D:2      | Reached XP level 3. HP: 25/29 MP: 3/3
  1459 | D:2      | Found an ornate altar of the Wu Jian Council.
  1799 | D:2      | Reached skill level 4 in Axes
  1884 | D:2      | Reached XP level 4. HP: 29/35 MP: 4/4
  2701 | D:3      | Reached XP level 5. HP: 30/41 MP: 5/5
  2863 | D:3      | Reached skill level 5 in Axes
  3743 | D:4      | Reached XP level 6. HP: 38/47 MP: 6/6
  3890 | D:5      | Entered Level 5 of the Dungeon
  3985 | D:5      | Noticed an ice beast
  4001 | D:5      | Killed an ice beast
  4001 | D:5      | Reached skill level 6 in Axes
  4062 | D:5      | Found a shimmering altar of Xom.
  4176 | D:5      | Found a deep blue altar of Sif Muna.
  4203 | D:5      | Found a shadowy altar of Dithmenos.
  4203 | D:5      | Noticed Sigmund
  4207 | D:5      | Killed Sigmund
  4207 | D:5      | Reached XP level 7. HP: 43/52 MP: 7/7
  4222 | D:5      | Reached skill level 7 in Axes
  4325 | D:5      | Found a basalt altar of Yredelemnul.
  4389 | D:5      | Found Udaentef's Assorted Antiques.
  4397 | D:5      | Bought a scroll of identify for 38 gold pieces
  4397 | D:5      | Bought a slimy jade ring for 95 gold pieces
  4397 | D:5      | Identified the ring of Eneorion {*Tele rC+} (You bought it in a shop on level 5 of the Dungeon)
  4444 | D:5      | Found a glowing golden altar of the Shining One.
  4775 | D:5      | Noticed Grinder
  4780 | D:5      | Paralysed by Grinder for 5 turns
  4808 | D:5      | Paralysed by Grinder for 4 turns
  4813 | D:5      | Killed Grinder
  4813 | D:5      | Reached skill level 8 in Axes
  4813 | D:5      | Reached XP level 8. HP: 26/58 MP: 8/8
  4871 | D:5      | Found a staircase to the Ecumenical Temple.
  4983 | Temple   | Entered the Ecumenical Temple
  4989 | Temple   | Became a worshipper of Warmaster Okawaru
  4989 | Temple   | Reached * piety under Okawaru
  4989 | Temple   | Reached ** piety under Okawaru
  5080 | D:5      | Noticed an angel
  5105 | D:6      | Found a bloodstained altar of Trog.
  5163 | D:6      | Found an ancient bone altar of Kikubaaqudgha.
  5167 | D:6      | Found a snail-covered altar of Cheibriados.
  5240 | D:6      | Found Feluel's Magic Scroll Boutique.
  5479 | D:6      | Found a glowing silver altar of Zin.
  5488 | D:6      | Reached skill level 9 in Axes
  5516 | D:6      | Found a sparkling altar of Nemelex Xobeh.
  5613 | D:6      | Found a glowing drain.
  5632 | Sewer    | Entered a sewer
  6619 | D:7      | Noticed Minion's ghost (novice TrMo)
  6730 | D:8      | Found a radiant altar of Vehumet.
  6789 | D:8      | Reached skill level 10 in Axes
  6895 | D:8      | Found a hide-covered altar of Uskayaw.
  6937 | D:8      | Reached XP level 9. HP: 4/63 MP: 9/9
  7073 | D:8      | Noticed a two-headed ogre
  7084 | D:8      | Noticed a two-headed ogre
  7089 | D:8      | Mangled by a two-headed ogre

Vault maps used:
D:1:      roderic_octagonal_star
D:2:      old_standard_altar
D:3:      first_bread
D:4:      serial_bayou_crossing
D:5:      grunt_temple_overflow_holy_war, lemuel_doored_altar,
          brannock_xom_greatest_gift, minmay_temple_entry_nine_rooms,
          serial_shops, nicolae_shop_waterfront, nicolae_dithmenos_the_darkroom,
          uniq_sigmund, uniq_grinder
D:6:      old_standard_altar, grunt_temple_overflow_open,
          overflow_temple_1_default, portal_sewer_entry_b, serial_shops,
          kennysheep_mini
D:7:      st_stairs_12
D:8:      old_standard_altar, lemuel_round_altar, hangedman_ranch
Temple:   eino_wide_crystal_templ
Sewer:    sewer_co_scattered_pipes

Skill      XL: |  1  2  3  4  5  6  7  8 |
---------------+-------------------------+-----
Axes           | 3 4 5 6 8 10 | 10.1
Fighting       | |  3.0
Dodging        | |  2.4
Stealth        | |  1.5

Action                   |  1- 3 |  4- 6 |  7- 9 || total
-------------------------+-------+-------+-------++-------
Melee: Hand axe          |   150 |   273 |   433 ||   856
Invok: Heroism           |       |       |     1 ||     1
Evoke: Wand              |       |     2 |     8 ||    10
  Use: Scroll            |     1 |     6 |     1 ||     8
 Stab: Distracted        |     1 |       |       ||     1
       Sleeping          |     2 |       |       ||     2
Armor: Robe              |    16 |       |       ||    16
       Scale mail        |    33 |    32 |       ||    65
       Chain mail        |       |    84 |   185 ||   269
Dodge: Dodged            |    88 |    95 |   135 ||   318
